 Dungeon Crawl Stone Soup version 0.20.1-1-g8b1a95d (webtiles) character file.

35 Monsterracer the Sneak (level 3, -10/24 HPs)
             Began as a Vampire Enchanter on Sept 5, 2017.
             Mangled by Sigmund
             ... wielding a +0 scythe
              (13 damage)
             ... on level 2 of the Dungeon.
             The game lasted 00:03:01 (968 turns).

Monsterracer the Sneak (Vampire Enchanter)           Turns: 968, Time: 00:03:02

Health: -10/24     AC:  2    Str:  7    XL:     3   Next: 16%
Magic:  6/6        EV:  9    Int: 17    God:
Gold:   34         SH:  0    Dex: 15    Spells: 0/6 levels left

rFire    . . .     SeeInvis +   i - +0 dagger (drain)
rCold    . . .     Gourm    .   (no shield)
rNeg     + . .     Faith    .   b - +0 robe
rPois    .         Spirit   .   (no helmet)
rElec    .         Reflect  .   (no cloak)
rCorr    .         Harm     +   (no gloves)
MR       .....                  (no boots)
Stlth    +++.......             a - amulet of harm
Regen    0.1/turn               h - -4 ring of evasion (curse)
MPRegen  0.1/turn               (no ring)

@: no status effects
A: fangs 3, see invisible, unbreathing
a: Bat Form


You were on level 2 of the Dungeon.
You were not thirsty.

You visited 1 branch of the dungeon, and saw 2 of its levels.

You collected 34 gold pieces.

Inventory:

Hand Weapons
 i - a +0 dagger of draining (weapon)
Armour
 b - a +0 robe (worn)
Jewellery
 a - an amulet of harm (around neck)
 d - an uncursed amulet of magic regeneration
 h - a cursed -4 ring of evasion (left hand)
Potions
 e - a potion of haste {unknown}
 f - 11 potions of blood
 g - a potion of brilliance {unknown}
Books
 c - a book of Maledictions

   Spells                             Type                      Level
   a - Corona                         Hexes                        1
   b - Ensorcelled Hibernation        Hexes/Ice                    2
   c - Confuse                        Hexes                        3
   d - Tukima's Dance                 Hexes                        3
   e - Dazzling Spray                 Conjuration/Hexes            3


   Skills:
 + Level 1.2 Short Blades
 - Level 2.1 Dodging
 + Level 5.6 Stealth
 + Level 2.2 Spellcasting
 + Level 5.1 Hexes


You couldn't memorise any spells.
You knew the following spells:

 Your Spells              Type           Power        Failure   Level  Hunger
a - Corona                Hex            ###....      2%          1    #......
b - Ensorcelled Hibernat  Hex/Ice        ##....       10%         2    ###....
c - Confuse               Hex            ###.....     7%          3    ###....


Dungeon Overview and Level Annotations

Branches:
Dungeon (2/15)

Altars:
Fedhas

Annotations:
D:2 Sigmund


Innate Abilities, Weirdness & Mutations

You have razor-sharp teeth.
You have supernaturally acute eyesight. (SInv)
You can survive without breathing.


Message History

Damage: -4%(-1hp) hp: 96%(23hp)
You closely miss the adder.
The adder is lightly wounded.
The bat closely misses you. The bat hits you.
The bat hits you but does no damage. The adder closely misses you.
Sigmund hits you from afar with a scythe!
Ouch! That really hurt!
* * * LOW HITPOINT WARNING * * *
The bat closely misses you.
Huge Dmg: -71%(-17hp) hp: 25%(6hp)
The bat barely misses you. The bat closely misses you.
The adder barely misses you.
There is a stone staircase leading up here.
The bat hits you but does no damage. The bat barely misses you.
The kobold hits you with a dagger.
* * * LOW HITPOINT WARNING * * *
The adder bites you but does no damage.
Sigmund hits you from afar with a scythe!
Ouch! That really hurt!
You die...

#..........#
#...#####...
##..# #####..#
#...b..##
#.####..##
###.b..@...#
+....bS....+
##...@K....#
#.........#
#.........#
...........#
#.............#
.............)#
.P.P...#+#.##.#
.._..## .# .#


You could see Sigmund, an adder, 2 bats and a kobold.

Vanquished Creatures
  3 dart slugs (D:1)
  A leopard gecko (D:1)
  3 bats (D:1)
  A giant cockroach (D:1)
  3 goblins (D:1)
  3 hobgoblins (D:1)
  3 jackals (D:1)
  A frilled lizard (D:1)
  4 kobolds (D:1)
  4 rats (D:1)
26 creatures vanquished.

Notes
Turn   | Place    | Note
-------+----------+-------------------------------------------
     0 | D:1      | Monsterracer the Vampire Enchanter began the quest for the Orb.
     0 | D:1      | Reached XP level 1. HP: 13/13 MP: 3/3
    47 | D:1      | HP: 2/13 [dart slug/slug dart (5)]
   164 | D:1      | Reached XP level 2. HP: 19/19 MP: 5/5
   183 | D:1      | Reached skill level 5 in Stealth
   376 | D:1      | Learned a level 2 spell: Ensorcelled Hibernation
   428 | D:1      | Reached skill level 5 in Hexes
   638 | D:1      | Reached XP level 3. HP: 20/24 MP: 6/6
   862 | D:1      | Learned a level 3 spell: Confuse
   945 | D:2      | Found a blossoming altar of Fedhas.
   951 | D:2      | Noticed Sigmund
   966 | D:2      | HP: 6/24 [Sigmund/scythe (16)]
   968 | D:2      | Mangled by Sigmund

Skill      XL: |  1  2 |
---------------+-------+-----
Stealth        | 5 |  5.6
Hexes          | 5 |  5.1
Short Blades   | |  1.2
Dodging        | |  2.1
Spellcasting   | |  2.2

Action                   || total
-------------------------++-------
Melee: Dagger            ||    95
       Bite              ||     8
 Cast: Corona            ||     9
  Use: Potion            ||     2
 Stab: Sleeping          ||     4
       Distracted        ||     1
Armor: Robe              ||    41
Dodge: Dodged            ||    80
